[Event "Superbet Blitz Poland 2023"]
[Site "Warsaw"]
[Date "2023.05.24"]
[Round "9"]
[White "Giri, Anish"]
[Black "Shevchenko, Kirill"]
[Result "0-1"]
[ECO "B48"]
[WhiteElo "2768"]
[BlackElo "2684"]
[Annotator "TA"]
[PlyCount "142"]
[EventDate "2023.05.24"]
[EventType "tourn"]
[EventCountry "POL"]
[SourceTitle "playchess.com"]
[Source "ChessBase"]
[SourceQuality "1"]
[TimeControl "300+2"]

1. e4 c5 2. Nf3 Nc6 3. d4 cxd4 4. Nxd4 e6 5. Nc3 Qc7 6. Be3 a6 7. Qf3 {[%emt 0:00:02] 7.g4 is a critical line. B48: Sicilian: Taimanov: 5 Nc3 Qc7 6 Be3 a6 without Be2.} h5 8. Nxc6 Qxc6 {[%emt 0:00:02] [#]} 9. a4 $146 {[%emt 0:00:01] The position is equal.} ({Predecessor:} 9. O-O-O b5 10. Bd3 Bb7 11. Qf4 d6 12. e5 d5 13. a4 bxa4 14. Nxa4 Rd8 15. Qd4 {0-1 Reviczki,R (2220)-Palczert,M (2360) HUN-ch U20 Budapest 2023 (7)}) 9... Bb4 10. O-O-O Bxc3 11. bxc3 Qxc3 12. Bd4 {[%emt 0:00:43][%mdl 64] Discovered Attack} Qxf3 13. gxf3 f6 14. f4 {[%emt 0:00:01][%mdl 1024] White has compensation.} Ne7 15. Rg1 Kf7 {[%emt 0:00:03] Black is weak on the dark squares} 16. Rd3 (16. e5 $11) 16... h4 (16... d5 $15) 17. Bc5 $11 Ng6 (17... b5 $11) 18. Bd6 b5 19. f5 (19. a5 {simplifies} Ne7 20. Bxe7 Kxe7 21. Rxg7+ Kf8 22. Rg6) 19... Ne5 20. fxe6+ Kxe6 21. Bh3+ {[%emt 0:00:07] A strong pair of Bishops.} Kf7 22. Bxe5 fxe5 23. Bxd7 g6 (23... Rh6 $14) 24. axb5 (24. Bc6 $1 $16 Ra7 25. Rd6 (25. axb5 axb5 26. Kd2 Be6 $16)) 24... axb5 25. Kb2 {[%emt 0:00:00] Wards off Ra1} (25. Rf3+ $2 Kg7 26. Bxc8 Ra1+ 27. Kd2 Rxg1 $19) 25... Bb7 26. Bxb5 {[%emt 0:00:33] aiming for Rd7+.} Bxe4 27. Re3 Rhb8 28. c4 {[%emt 0:00:02] [#]} Bd5 {[%emt 0:00:02][%mdl 64] Deflection} 29. Kc3 (29. Rxe5 $2 Bxc4 30. Rgg5 Ra5 $19) 29... Be6 30. Rxe5 Ra3+ 31. Kb4 Rh3 32. Rge1 Bf5 (32... Bg4 {simplifies} 33. f3 Bf5 34. R1e2 Rxf3 35. Re8 Rxe8 36. Bxe8+ Kf6) 33. c5 (33. Rh1 $11) 33... Rxh2 $15 34. c6 (34. R5e2 $11) 34... Rxf2 $17 35. Kc5 $2 (35. c7 $17 Rb2+ 36. Ka5 Ra2+ 37. Kb4 Rb2+ 38. Ka5) 35... h3 $2 (35... Kf6 $1 $19 {Hoping for ...Rc2+.} 36. Bc4 h3) 36. c7 Rc8 37. Re7+ Kf6 {[%emt 0:00:00] ...Rc2+ is the strong threat.} 38. Rh7 h2 {[%emt 0:00:12] Strongly threatening ...g5.} 39. Ba6 $2 (39. Rh1 $17 {was forced.}) 39... Rc2+ $19 40. Kd6 $2 (40. Kb6 Ra8 41. Kb7) 40... Ra8 41. Bb7 Ra5 (41... Ra7 $19 {is more deadly.} 42. Rxh2 Rxh2) 42. Re8 $2 (42. Rf1 $17 Ra4 43. Rxf5+ (43. c8=R $2 Rd4+ 44. Bd5 Rxc8 $19) 43... gxf5 44. Rh6+ Kg5 45. Rxh2 Rd4+ {[%mdl 64] Deflection} 46. Ke5 Rxc7 47. Kxd4) 42... Rd2+ 43. Kc6 {[%emt 0:00:01] [#]} Bd7+ $1 {[%emt 0:00:06][%mdl 576] Double Attack} 44. Kb6 Rb5+ 45. Ka7 Ra2+ (45... Bxe8 46. c8=Q (46. c8=R $2 Ra2+ 47. Kb8 Rab2 $19) 46... Ra2+ 47. Kb8 $18) 46. Kb8 {[%emt 0:00:01] [#]} Rab2 $1 ({Weaker is} 46... Bxe8 47. c8=Q (47. c8=B $2 {perishes.} Bc6 $19) 47... Rab2 48. Qc3+ (48. Qxe8 Rxb7+ {[%mdl 64] Double Attack} 49. Ka8 Rxh7 $11) 48... Kg5 49. Qe3+ Kf6 50. Qf4+ (50. Qxe8 Rxb7+ {[%mdl 64] Double Attack} 51. Ka8 Rxh7 $11) 50... Ke6 51. Qf3 $18) 47. Rf8+ Kg5 48. c8=Q Bxc8 49. Kxc8 {[%emt 0:00:01] [#]} Rxb7 $1 {[%emt 0:00:02][%mdl 576] Promotion} 50. Rxh2 {[%emt 0:00:03] KRR-KRR} Rb8+ 51. Kc7 R2b7+ 52. Kc6 Rxf8 53. Kxb7 {[%emt 0:00:01] KR-KR} Rf6 54. Rh1 Kg4 55. Rg1+ Kh4 56. Rh1+ Kg3 57. Rg1+ Kf2 58. Rg5 Kf3 59. Rg1 Kf4 60. Rf1+ Kg5 $2 (60... Ke5 {mates} 61. Re1+ Kf5 62. Rf1+ Kg5 63. Re1 Kh4 64. Rh1+ Kg3 65. Rh6 Kf4 66. Kc7 Kf5 67. Rh7 g5 68. Rh5 Kf4 69. Kd8 g4 70. Rh1 Rg6 71. Rf1+ Ke3 72. Re1+ Kf2 73. Ra1 g3 74. Kc8 g2 75. Rb1 g1=Q 76. Rxg1 Rxg1 77. Kc7 Rg6 78. Kd7 Ke3 79. Ke7 Ke4 80. Kf7 Ra6 81. Ke7 Kd5 82. Kf7 Ke5 83. Kg7 Kf5 84. Kf7 Re6 85. Kg7 Re7+ 86. Kf8 Kf6 87. Kg8 Rc7 88. Kh8 Kg6 89. Kg8 Rc8#) 61. Rg1+ $2 (61. Rh1 $11) 61... Kh6 {[%emt 0:00:00] Black mates.} 62. Rh1+ {[%emt 0:00:01] [#]} Kg7 $1 63. Rg1 Rf5 64. Kc6 g5 65. Kd6 Kg6 66. Ke6 Ra5 67. Kd6 Kh5 68. Rh1+ Kg4 69. Rg1+ Kf4 70. Rf1+ Ke3 71. Rg1 Kf2 {[%emt 0:00:00] Excellently played by Shevchenko!   Weighted Error Value: White=0.48/Black=0.26 (precise)} 0-1

[Event "Superbet Blitz Poland 2023"]
[Site "Warsaw"]
[Date "2023.05.24"]
[Round "9"]
[White "So, Wesley"]
[Black "Deac, Bogdan-Daniel"]
[Result "1-0"]
[ECO "E53"]
[WhiteElo "2760"]
[BlackElo "2700"]
[Annotator "TA"]
[PlyCount "61"]
[EventDate "2023.05.24"]
[EventType "tourn"]
[EventCountry "POL"]
[SourceTitle "playchess.com"]
[Source "ChessBase"]
[SourceQuality "1"]
[TimeControl "300+2"]

1. d4 Nf6 2. c4 e6 3. Nc3 Bb4 4. e3 O-O 5. Bd3 d5 6. a3 Bxc3+ 7. bxc3 dxc4 8. Bxc4 c5 9. Nf3 Qc7 10. Be2 b6 {[%emt 0:00:01] E53: Nimzo-Indian: Rubinstein: Main Line (4...0-0 5 Nf3 d5 6 Bd3 c5 7 0-0).} 11. Bb2 $1 {[%emt 0:00:01][%mdl 4] is recently more successful than 11.0-0.} Bb7 12. O-O Nc6 {[%emt 0:00:01] The position is equal.} 13. Rc1 Rfd8 14. Re1 Rac8 {[%emt 0:00:10] [#]} 15. Bd3 $146 ({Predecessor:} 15. Nd2 Ne7 16. Bf1 Ng6 17. Qe2 Qd7 18. h3 e5 19. Red1 Bc6 20. dxe5 Nxe5 21. Nc4 {½-½ Agaltsov,I (2417)-Furashev,V (2374) RUS VC-4 final email 2021}) 15... e5 {[%emt 0:00:26] [#]} (15... h6 $11) 16. e4 $1 $16 {[%emt 0:00:04] White is more active.} Ne8 17. d5 Ne7 18. c4 f6 19. g3 ({Much less strong is} 19. Qa4 $6 Ng6 $14) 19... Nd6 20. Nxe5 fxe5 21. Bxe5 Ng6 22. Bb2 {[%emt 0:00:10] A strong pair of Bishops.} b5 23. cxb5 c4 24. e5 (24. a4 $16) 24... Qb6 ({Better is} 24... Qf7 $1 $14 25. Bxg6 hxg6) 25. Bxg6 c3 $2 {[%emt 0:00:13] Loses the game.} (25... hxg6 $16 {is tougher.} 26. exd6 Qxd6) 26. Rxc3 $18 ({Not} 26. Bxc3 Nxb5 $16) 26... Rxc3 27. exd6 hxg6 28. Bxc3 {[%emt 0:00:01] [#] Intending Re7 and mate.} Qxb5 (28... Qxd6 $18 29. Qd4 Qf6) 29. Qd4 {[%emt 0:00:15][%csl Gc3,LRa7,LRg7][%cal Rd4g7] White mates.} Rd7 30. Re8+ Kf7 31. Qxg7+ {[%emt 0:00:02] Excellently played by So!   Weighted Error Value: White=0.06 (flawless) /Black=0.55} 1-0

[Event "Superbet Blitz Poland 2023"]
[Site "Warsaw"]
[Date "2023.05.24"]
[Round "9"]
[White "Aronian, Levon"]
[Black "Rapport, Richard"]
[Result "0-1"]
[ECO "C02"]
[WhiteElo "2745"]
[BlackElo "2745"]
[Annotator "TA"]
[PlyCount "80"]
[EventDate "2023.05.24"]
[EventType "tourn"]
[EventCountry "POL"]
[SourceTitle "playchess.com"]
[Source "ChessBase"]
[SourceQuality "1"]
[TimeControl "300+2"]

1. e4 e6 2. d4 d5 3. e5 c5 4. c3 Bd7 5. Nf3 Nc6 6. Be2 Nge7 7. O-O Ng6 8. Be3 Qc7 $5 {[%emt 0:00:09][%mdl 4] Exploring less charted territory. C02: French: Advance Variation.} 9. Nbd2 Be7 {[%emt 0:00:06] [#]} 10. g3 $146 ({Predecessor:} 10. Rc1 O-O 11. Bd3 Rac8 12. h4 f5 13. Bg5 Bxg5 14. Nxg5 h6 15. Ngf3 Qd8 16. g3 cxd4 17. cxd4 {½-½ Chiappero,C (1521)-Vazquez,F (1740) South America-ch U12 12th 2015 (4)}) 10... cxd4 {[%emt 0:00:18] White has an edge.} 11. cxd4 f6 12. exf6 gxf6 13. Rc1 O-O 14. a3 Kh8 15. b4 {[%emt 0:00:04] b5 is the strong threat.} a6 16. Nb3 Rad8 ({Black should try} 16... b6 $14) 17. Re1 $16 Qd6 18. Nc5 Bc8 19. Bf1 $1 e5 20. dxe5 (20. h4 $5 ) 20... fxe5 21. Ng5 {[%emt 0:00:01] Threatening Bg2.} Nd4 22. Bg2 $1 Rf5 (22... Bf6 $16) 23. h4 $1 $18 Bxg5 24. hxg5 Nc6 25. Rc2 (25. a4 $18) 25... Nge7 (25... Rf7 $16) 26. f4 Qg6 27. Nd3 e4 {[%emt 0:00:07] [#]} 28. Ne5 Rxe5 (28... Nxe5 $11 {keeps the balance.} 29. fxe5 Re8) 29. fxe5 $16 d4 $2 (29... Be6 $16) 30. Bf4 e3 31. Bxc6 $1 Nxc6 {[%emt 0:00:05] [#]} 32. Rxc6 Qxc6 $11 33. Rxe3 Bh3 34. Qd2 {[%emt 0:00:01] Repels Qg2+} Qe6 35. Re1 (35. Rd3 {seems wilder.} Qd5 36. e6 Bxe6 37. Be3) 35... Bf5 36. Rc1 Be4 37. Rc7 Qh3 38. Qh2 {[%emt 0:00:02] Wards off Qh1+} Qg4 (38... Qxh2+ $11 {and Black stays safe.} 39. Kxh2 Kg8) 39. Qd2 $4 (39. Qh6 $18 Qd1+ 40. Kf2 Qf3+ 41. Ke1 Qh1+ 42. Qxh1 Bxh1 43. g6 hxg6 44. e6) 39... Qf3 $19 {[%emt 0:00:02] ( -> ...Qh1+)} 40. e6 {[%emt 0:00:03] Be5+ would be deadly.} Qh1+ {[%emt 0:00:03] Quite a comeback for Black.   Weighted Error Value: White=0.46/Black=0.39} ({Don't do} 40... Qxa3 41. Qxd4+ {[%mdl 64] Decoy, Back Rank} Rxd4 42. Be5+ Kg8 43. Rc8+) 0-1

[Event "Superbet Blitz Poland 2023"]
[Site "Warsaw"]
[Date "2023.05.24"]
[Round "9"]
[White "Vachier-Lagrave, Maxime"]
[Black "Wojtaszek, Radoslaw"]
[Result "1-0"]
[ECO "B90"]
[WhiteElo "2742"]
[BlackElo "2670"]
[Annotator "TA"]
[PlyCount "75"]
[EventDate "2023.05.24"]
[EventType "tourn"]
[EventCountry "POL"]
[SourceTitle "playchess.com"]
[Source "ChessBase"]
[SourceQuality "1"]
[TimeControl "300+2"]

1. e4 c5 2. Nf3 d6 3. d4 cxd4 4. Nxd4 Nf6 5. Nc3 a6 6. Bd3 e5 7. Nde2 Be6 8. f4 {[%emt 0:00:16] B90: Sicilian Najdorf: Unusual White 6th moves, 6 Be3 Ng4 and 6 Be3 e5.} exf4 9. Nxf4 Nc6 10. Nxe6 {[%emt 0:00:05] White has an edge.} fxe6 {[%emt 0:00:02] [#]} 11. Bc4 $146 (11. Qf3 $5 ) ({Predecessor:} 11. Qe2 Ne5 12. Bc4 Qe7 13. Bf4 g6 14. Bxe5 dxe5 15. Qe3 Rc8 16. Bb3 Bg7 17. Qh3 {½-½ Watson,W (2540)-Chandler,M (2550) Bundesliga 9697 1996 [4]}) 11... Qd7 12. a3 Ne5 13. Bb3 Be7 14. Bf4 Rc8 15. Qe2 {[%emt 0:00:02] Wards off Nc4} Kf7 ({Black should play} 15... Nfg4 $14) 16. O-O Rhe8 {[%emt 0:00:19] [#]} 17. Rad1 $1 Qc6 (17... Rc5 $16 {is a better defense.} 18. Be3 Rc6) 18. Kh1 $18 Nc4 {[%emt 0:00:22] [#]} 19. e5 $2 (19. Rd4 $1 $18 b5 20. Bxc4 (20. e5 dxe5 21. Rxc4 bxc4 $16) 20... bxc4 21. Bxd6 (21. e5 dxe5 22. Bxe5 Kg8 $16)) 19... dxe5 $14 20. Bxe5 {[%emt 0:00:01] This pair of bishops is nice.} Kg8 21. Rd4 b5 ({Black should try} 21... Nxe5 $14 22. Qxe5 Kh8) 22. Bxc4 $16 bxc4 23. Ne4 $36 {[%emt 0:00:06][%mdl 2048] White is in control. White is more active.} Nxe4 24. Rxe4 Rf8 25. Rxf8+ Bxf8 26. Bc3 Qd5 (26... Rd8 $16 {keeps fighting.}) 27. Re5 $18 Qd7 28. Rxe6 Qf7 29. h3 Rd8 30. Rc6 ({Not} 30. Qxc4 Rd1+ 31. Kh2 Bd6+ 32. Rxd6 Qxc4 $11) 30... Rd5 31. Qxc4 Rd1+ 32. Kh2 Bd6+ 33. g3 {[%emt 0:00:01] Rc8+ is the strong threat.} Rd5 $2 (33... Qxc4 34. Rxc4 Rc1) 34. Rc8+ {[%emt 0:00:04] White is clearly winning.} (34. Qxa6 Qf2+ 35. Kh1 Rd1+) 34... Bf8 35. Kg2 {[%emt 0:00:21][%cal Oc3b4] Repels Qf2+. aiming for Bb4!} (35. Qxa6 {gets mated.} Qf2+ 36. Kh1 Rd1+) 35... h5 36. Bb4 Qe6 37. Rxf8+ Kh7 38. Rf2 {[%emt 0:00:02] Weighted Error Value: White=0.16 (very precise) /Black=0.42} 1-0

[Event "Superbet Blitz Poland 2023"]
[Site "Warsaw"]
[Date "2023.05.24"]
[Round "9"]
[White "Duda, Jan-Krzysztof"]
[Black "Carlsen, Magnus"]
[Result "0-1"]
[ECO "A13"]
[WhiteElo "2724"]
[BlackElo "2853"]
[Annotator "TA"]
[PlyCount "180"]
[EventDate "2023.05.24"]
[EventType "tourn"]
[EventCountry "POL"]
[SourceTitle "playchess.com"]
[Source "ChessBase"]
[SourceQuality "1"]
[TimeControl "300+2"]

1. Nf3 d5 2. c4 e6 3. g3 d4 4. Bg2 Nc6 5. O-O Bc5 6. d3 {[%emt 0:00:13] A13: English Opening: 1...e6.} Nf6 7. Bg5 h6 8. Bxf6 {[%emt 0:00:02] The position is equal.} Qxf6 9. Nbd2 Qd8 10. Ne1 O-O {[%emt 0:00:02] [#]} 11. f4 $146 ({Predecessor:} 11. Nc2 a5 12. Rb1 e5 13. a3 a4 14. b4 axb3 15. Nxb3 Be7 16. c5 Be6 17. Nb4 {1-0 Melkumyan,H (2655)-Svane,F (2501) Titled Tuesday intern op 10th May Late blitz 2022 (8)}) 11... a5 12. a3 a4 13. Nc2 Bd7 14. Qe1 Na5 15. Qf2 (15. Ne4 $11 Qe7 16. Nxc5 Qxc5 17. Qb4) 15... Bc8 16. Kh1 Ra6 17. Ne4 Ba7 18. Nb4 Rb6 19. Nc5 Rd6 $1 20. Ne4 (20. Nxa4 $2 c5 21. Na2 Nb3 $17) 20... Rd7 21. c5 {[%emt 0:00:04][%cal Bc4c5,Bc5c6][%mdl 32] [#]} Nb3 (21... f5 22. c6 bxc6 23. Nd2 $15) ({Better is} 21... c6 $1 $17 22. Rad1 (22. f5 $2 exf5 23. Qxf5 Nb3 $19) 22... Nb3) 22. c6 $1 $15 Re7 23. Rad1 b5 24. Nd2 Nxd2 25. Rxd2 f5 26. Bf3 (26. b3 $142) 26... Qd6 $17 27. Rb1 e5 28. fxe5 (28. Rdd1 $17 {keeps fighting.}) 28... Rxe5 $19 29. b3 axb3 {[%emt 0:00:02] White is weak on the dark squares} 30. Rxb3 Be6 31. Rb1 Bb6 32. Rdb2 g5 (32... Ra8 $142 33. Nc2 Ra5) 33. Nc2 $17 g4 34. Bg2 f4 35. gxf4 Rh5 36. Rxb5 (36. Qg3 {feels hotter.} Rxf4 37. Rxb5 Rxb5 38. Rxb5 Rf1+ 39. Bxf1 Qxc6+ 40. Bg2) 36... Rxf4 37. Qxf4 (37. Qg3 {is interesting.} Rxb5 38. Rxb5 Rf1+ 39. Bxf1 Qxc6+ 40. Bg2) 37... Rxb5 38. Rf1 Qxf4 39. Rxf4 Rb1+ 40. Rf1 Rb2 41. Nb4 Rxe2 42. Nd5 Bxd5 43. Bxd5+ $11 {[%emt 0:00:01][%mdl 4096] Endgame KRB-KRB} Kg7 44. a4 h5 45. Ra1 Ba5 46. Rf1 Bb4 47. h3 g3 48. Bg2 (48. Rf7+ $11 {remains equal.} Kg6 49. Rxc7) 48... Ra2 (48... h4 $17 {Hoping for ...Rd2.} 49. Rf5 Bd2) 49. Rf4 (49. Bd5 $11 Rh2+ 50. Kg1) 49... Bd6 {[%emt 0:00:01] Black is more active.} ({Black should try} 49... Rxa4 $17 {White must now prevent ...Bd2.} 50. Bd5 Bd6) 50. Rf5 (50. Rf7+ $1 $11 {keeps the balance.} Kg6 51. Be4+ Kg5 52. Rf5+ Kh4 53. Bd5) 50... Rxa4 51. Be4 Ra1+ 52. Kg2 Ra2+ 53. Kg1 h4 54. Rg5+ Kf6 (54... Kh6 $17 55. Rg4 Be7 56. Rg6+ Kh5) 55. Rg4 Bb4 56. Rxh4 Bd2 {[%emt 0:00:01] ...Be3+ would be deadly.} 57. Rg4 Be3+ 58. Kf1 Rf2+ 59. Ke1 Rh2 60. Kf1 Rf2+ 61. Ke1 Bf4 62. h4 Ke5 63. h5 Rh2 64. Rg7 Kd6 65. Kf1 (65. Rg4 $11 Ke5 66. Rg7) 65... Rxh5 $17 {[%emt 0:00:02] Black converts the advantage convincingly.} 66. Rf7 Be5 67. Rd7+ Kc5 68. Rh7 {[%emt 0:00:01] Dodges Bd6} Rg5 69. Kg2 Bd6 70. Rf7 {[%emt 0:00:02] [#]} (70. Rh1 $17) 70... Kb4 $1 $19 71. Rf1 Kc3 72. Rh1 Ra5 73. Rg1 $2 (73. Rc1+ Kd2 74. Rf1) 73... Ra2+ 74. Kf3 Rf2+ 75. Kg4 Kd2 76. Kh3 Ke2 77. Rg2 Ke3 {[%emt 0:00:05] aiming for ...Rf8.} 78. Rg1 Rh2+ 79. Kg4 Kf2 80. Ra1 Rh8 ({And not} 80... g2 81. Ra2+ Kf1 82. Ra1+ Kf2 83. Ra2+ Ke3 84. Rxg2 $17) 81. Ra2+ Ke3 82. Rg2 Re8 83. Bf5 Rg8+ 84. Kh5 Kf4 85. Be4 Rh8+ 86. Kg6 Re8 {[%emt 0:00:06] ( -> ...Rxe4)} 87. Re2 {[%emt 0:00:02] [#]} Rxe4 $1 {[%emt 0:00:04][%mdl 512] Black mates.} 88. dxe4 (88. Rxe4+ Kf3) 88... d3 89. Re1 d2 90. Rd1 g2 {[%emt 0:00:01] Weighted Error Value: White=0.18 (very precise) /Black=0.14 (very precise)} 0-1

[Event "Superbet Blitz Poland 2023"]
[Site "Warsaw"]
[Date "2023.05.25"]
[Round "10"]
[White "So, Wesley"]
[Black "Wojtaszek, Radoslaw"]
[Result "1-0"]
[ECO "D02"]
[WhiteElo "2760"]
[BlackElo "2670"]
[Annotator "TA"]
[PlyCount "115"]
[EventDate "2023.05.24"]
[EventType "tourn"]
[EventCountry "POL"]
[SourceTitle "playchess.com"]
[Source "ChessBase"]
[SourceQuality "1"]
[TimeControl "300+2"]

1. Nf3 d5 2. e3 c5 3. d4 Nc6 4. c4 cxd4 5. cxd5 Qa5+ 6. Qd2 {[%emt 0:00:12] D02: 1 d4 d5 2 Nf3 sidelines, including 2...Nf6 3 g3 and 2...Nf6 3 Bf4.} Qxd5 7. Nc3 Qd8 8. exd4 {[%emt 0:00:05] White is slightly better.} e6 {[%emt 0:00:03] [#]} 9. Bd3 $146 ({Predecessor:} 9. Bc4 Nf6 10. O-O Be7 11. d5 exd5 12. Nxd5 Nxd5 13. Qxd5 Qxd5 14. Bxd5 O-O 15. Bg5 Bxg5 16. Nxg5 h6 17. Nf3 Bd7 {½-½ Petrungaro,O-Martino,J Buenos Aires Traffic op 1992 (4)}) 9... Nf6 10. O-O Be7 (10... Nxd4 $2 11. Nxd4 Be7 12. Rd1 $18) 11. a3 O-O (11... Nxd4 $2 12. Nxd4 O-O 13. Rd1 $18) 12. Rd1 b6 13. Qf4 Bb7 14. Qh4 g6 15. Bg5 (15. Bh6 $5 ) 15... Nh5 16. Be4 {[%emt 0:00:10] Bxe7 would be deadly.} Bxg5 (16... f6 {seems wilder.} 17. d5 fxg5 18. dxc6 gxh4 19. cxb7 Rb8) 17. Qxg5 Qxg5 18. Nxg5 Nf6 (18... h6 $5 19. Nf3 Nf6 $15) 19. d5 exd5 20. Nxd5 Nxe4 21. Nxe4 Rfd8 {[%emt 0:00:01] Dodges Nd6} 22. f4 Kg7 23. b4 {[%emt 0:00:17] [#]} (23. Nc7 $11 Rac8 24. Rxd8 Rxd8 25. Nd6) 23... Ne7 $1 24. Ndc3 (24. Nxe7 Bxe4) 24... Nf5 {[%emt 0:00:04] Repels Nd6} 25. Kf2 h5 (25... Rdc8 $5 26. Rd7 Bc6 $17) 26. Ng3 Nd4 27. Nge2 {[%emt 0:00:04] [#]} Nf5 (27... Nxe2 $1 $17 28. Nxe2 Rac8) 28. g3 Rac8 29. Rxd8 Rxd8 30. Rd1 Rxd1 31. Nxd1 $11 {[%emt 0:00:00][%mdl 4096] Endgame KBN-KNN} Nd6 32. Ne3 Bc6 33. Nc3 Kf6 34. Ke2 Ke6 35. Kd3 f6 36. Nc2 Bb7 37. Nd4+ Kd7 38. a4 Bg2 39. Ke3 Bb7 40. h4 Bg2 41. Kf2 Bb7 42. Ke3 Bg2 43. Ncb5 a6 44. Nc3 Nc4+ 45. Kd3 Nb2+ 46. Kc2 Nc4 47. Kd3 Nb2+ 48. Ke2 (48. Kc2 $5 Nc4 $8 49. Nd1 $11) 48... Nc4 49. f5 gxf5 50. Nxf5 Bh3 51. Ne3 Be6 52. Nxc4 Bxc4+ {[%emt 0:00:01] KB-KN} 53. Ke3 Ke6 54. Kd4 Bf1 (54... Bb3 $11) 55. Nd5 $18 {[%emt 0:00:02] White is clearly winning.} b5 56. a5 {[%emt 0:00:01] aiming for Kc5.} Kd6 57. Nf4 {[%emt 0:00:02] Against Be2} Bc4 58. Nxh5 {[%emt 0:00:01] Weighted Error Value: White=0.10 (very precise) /Black=0.21 (precise)} 1-0

[Event "Superbet Blitz Poland 2023"]
[Site "Warsaw"]
[Date "2023.05.25"]
[Round "10"]
[White "Aronian, Levon"]
[Black "Giri, Anish"]
[Result "1/2-1/2"]
[ECO "D02"]
[WhiteElo "2745"]
[BlackElo "2768"]
[Annotator "TA"]
[PlyCount "100"]
[EventDate "2023.05.24"]
[EventType "tourn"]
[EventCountry "POL"]
[SourceTitle "playchess.com"]
[Source "ChessBase"]
[SourceQuality "1"]
[TimeControl "300+2"]

1. d4 Nf6 2. Bf4 d5 3. e3 c5 4. Nf3 Nc6 5. Nbd2 Nh5 6. dxc5 {[%emt 0:00:03] D02: 1 d4 d5 2 Nf3 sidelines, including 2...Nf6 3 g3 and 2...Nf6 3 Bf4.} Nxf4 7. exf4 g6 8. c3 {[%emt 0:00:02] White is slightly better.} Bg7 9. Bb5 O-O 10. O-O d4 11. Bxc6 dxc3 {[%emt 0:00:01][%mdl 64] [#] Discovered Attack} 12. Be4 {[%emt 0:00:01] bxc3 is the strong threat.} cxd2 13. Qxd2 Qxd2 14. Nxd2 Bxb2 15. Rab1 {[%emt 0:00:02][%cal Ba1b1,Bb1b7,Bb7e7][%mdl 32] [#]} Bc3 $146 ({Predecessor:} 15... Ba3 16. c6 bxc6 17. Bxc6 Ba6 18. Bxa8 Bxf1 19. Kxf1 Rxa8 20. Rb7 Kf8 21. Ne4 a5 {½-½ Kamsky,G (2665)-Matlakov,M (2688) EU-Cup Online Final rapid 2021 (8.2)}) 16. Nf3 a5 ({Not} 16... Rb8 17. Rfc1 (17. c6 b5 $16) 17... Ba5 18. c6 $16) 17. Bxb7 {[%emt 0:01:37] White has more active pieces. The black rooks are badly placed.} Bxb7 18. Rxb7 {[%emt 0:00:02][%cal Oc5c6] aiming for c6!} Rac8 19. Rxe7 Rxc5 20. Rb1 Bb4 21. Re2 $1 Rfc8 {[%emt 0:00:05] [#] Threatens to win with ...Rc1+.} 22. g3 Rc2 23. Rb2 $1 Rxb2 24. Rxb2 $14 {[%emt 0:00:01][%mdl 4096] Endgame KRB-KRN} Rc3 25. Kg2 Kg7 26. h4 Be7 27. Ne1 Bf6 28. Rc2 Ra3 29. Kf1 Ra4 30. Nd3 h5 31. Ke2 Re4+ 32. Kf3 Ra4 33. Ke3 Bd4+ 34. Ke2 Ra3 35. Ne5 ({White should play} 35. Nc1 $14) 35... Bxe5 $1 $11 {[%emt 0:00:05] The position is equal.} 36. fxe5 {[%emt 0:00:01] KR-KR} Kf8 37. Kf1 Ke7 38. Kg2 Ke6 39. f4 Ke7 40. Rf2 Ke6 41. Rb2 Ke7 42. Rd2 Ke6 43. Rf2 Kf5 {[%emt 0:00:09] Strongly threatening ...Kg4.} 44. Kh3 Ke6 45. Rc2 Ke7 46. Rd2 Ra4 47. Rf2 Ke6 48. Rd2 Ke7 49. Rf2 Ke6 50. Rd2 Ke7 {Weighted Error Value: White=0.04 (flawless) /Black=0.04 (flawless)} 1/2-1/2

[Event "Superbet Blitz Poland 2023"]
[Site "Warsaw"]
[Date "2023.05.25"]
[Round "10"]
[White "Vachier-Lagrave, Maxime"]
[Black "Carlsen, Magnus"]
[Result "0-1"]
[ECO "B12"]
[WhiteElo "2742"]
[BlackElo "2853"]
[Annotator "TA"]
[PlyCount "92"]
[EventDate "2023.05.24"]
[EventType "tourn"]
[EventCountry "POL"]
[SourceTitle "playchess.com"]
[Source "ChessBase"]
[SourceQuality "1"]
[TimeControl "300+2"]

1. e4 c6 2. d4 d5 3. e5 Bf5 4. h4 h5 5. Bd3 Bxd3 6. Qxd3 {[%emt 0:00:02][%cal Oe5e6] B12: Caro-Kann: Advance Variation.} Qa5+ 7. Nd2 {[%emt 0:00:20][%cal Oe5e6] e6! is the strong threat.} Qa6 {[%emt 0:00:12] [#]} (7... e6 $1 $11 {is superior.}) 8. e6 $1 $14 {[%emt 0:00:09] White is slightly better.} Qxd3 9. exf7+ Kxf7 10. cxd3 Nd7 {[%emt 0:00:15] 10...Nh6 is the modern continuation.} 11. Ndf3 Nh6 12. Nh3 Nf5 13. Nhg5+ Kg8 14. Ne6 g6 15. O-O Bg7 16. Nxg7 Kxg7 {[%emt 0:00:02] [#]} 17. Re1 $146 ({Predecessor:} 17. Bd2 a5 18. Rfe1 Rhe8 19. Rac1 e6 20. Re2 Kf6 21. g3 Rac8 22. Rce1 b6 23. Bg5+ {0-1 Howell,D (2698)-Dvirnyy,D (2542) EU-chT (Men) 21st 2017 (4.3)}) 17... Rae8 18. g3 Rhf8 {[%emt 0:00:03][%cal Of5g3] [#]} 19. Kg2 a5 20. b3 Ra8 21. a4 Rfe8 22. Ba3 Ra6 23. Re2 Rb6 24. Rb1 Kf6 25. Bc1 Kg7 26. Bd2 Ra6 27. Ng5 Kg8 28. Ne6 {[%emt 0:00:09] Hoping for Nc7.} Rc8 {[%emt 0:00:04] Inhibits Nc7.} 29. Ree1 Nf8 30. Nf4 (30. Ng5 $1 $14) 30... Kf7 $11 31. Bc3 b5 32. Re5 Rb8 {[%emt 0:00:11][%cal Bc8b8,Bb8b3,Bb3a3,Ba3a4][%mdl 32] aiming for ...bxa4.} 33. Rc1 bxa4 34. bxa4 Rb3 35. Kh3 (35. Nh3 $11 {remains equal.}) 35... Ra3 36. g4 ({White should try} 36. f3) 36... hxg4+ $17 37. Kxg4 e6 38. h5 gxh5+ (38... Rxa4 $2 39. hxg6+ Kg8 40. Nxe6 Nxe6 41. Rxe6 $18) 39. Kxh5 Ng7+ {[%emt 0:00:06] A dynamic duo of knights.} (39... Kf6 {keeps more tension.} 40. Kg4 Rxa4 41. Rce1 Ng7) 40. Kg4 (40. Kg5 $142) 40... Rxa4 41. Nh3 Nh7 42. Rb1 Ra7 {[%emt 0:00:01] Prevents Rb7+.} 43. Rb6 $2 {[%emt 0:00:01] [#] Loses the game.} (43. Ree1 $17 {was worth a try.}) 43... Nf6+ $1 $19 44. Kf3 Nd7 $1 45. Ng5+ $2 (45. Rxc6 Nxe5+ 46. dxe5) 45... Kg6 46. Nxe6 Nxe5+ {[%emt 0:00:02] Weighted Error Value: White=0.38/Black=0.05 (flawless)} 0-1